[Event "Titled Tuesday Blitz August 31 2021"]
[White "Pastar, Slaven"]
[Black "Batsuren, Dambasuren"]
[WhiteFideId "14402718"]
[BlackFideId "4902920"]
[WhiteElo "2150"]
[BlackElo "2371"]
[Result "0-1"]
[Round "06"]
[TimeControl "180+1"]
[Date "2021.08.31"]
[WhiteClock "0:00:02"]
[BlackClock "0:00:51"]

1. b3 d5 2. Bb2 Bf5 3. Nf3 e6 4. e3 Nf6 5. Nh4 Bg4 6. Be2 Bxe2 7. Qxe2 Be7 8. Nf3 O-O 9. O-O c5 10. c4 Nc6 11. cxd5 Nxd5 12. Nc3 Ndb4 13. Na4 Qd3 14. Qxd3 Nxd3 15. Ne1 Nxb2 16. Nxb2 Bf6 17. Rb1 Rfd8 18. d3 Nb4 19. a3 Nd5 20. Nd1 Rd6 21. f4 Nc3 22. Nxc3 Bxc3 23. b4 cxb4 24. axb4 Bxe1 25. Rfxe1 Rxd3 26. Kf2 Kf8 27. Rec1 Rad8 28. b5 R8d7 29. Ra1 b6 30. Rc8+ Ke7 31. Ra8 Rb3 32. R8xa7 Rxa7 33. Rxa7+ Kf6 34. g4 h6 35. h4 Rxb5 36. g5+ hxg5 37. hxg5+ Kg6 38. Kf3 Rb3 39. Re7 b5 40. Ke4 b4 41. Kf3 Rb1 42. Rb7 b3 43. Kg2 b2 44. e4 Kh5 0-1


[Site "https://www.chess.com"]

[Event "Titled Tuesday Blitz August 31 2021"]
[White "Perera Alfonso, Rene Humberto"]
[Black "Ivanchuk, Vasyl"]
[WhiteFideId "3514722"]
[BlackFideId "14100010"]
[WhiteElo "2313"]
[BlackElo "2710"]
[Result "0-1"]
[Round "06"]
[TimeControl "180+1"]
[Date "2021.08.31"]
[WhiteClock "0:00:22"]
[BlackClock "0:00:20"]

1. e4 e5 2. Nf3 Nc6 3. Bb5 a6 4. Ba4 Nf6 5. O-O Be7 6. Re1 b5 7. Bb3 d6 8. a4 Bd7 9. c3 O-O 10. h3 h6 11. d4 Re8 12. Nbd2 Bf8 13. Bc2 exd4 14. cxd4 Nb4 15. Bb1 bxa4 16. Nf1 c5 17. d5 g6 18. Ra3 Bg7 19. N3h2 Rb8 20. Ng4 Nxg4 21. hxg4 c4 22. Rh3 Nd3 23. Bxd3 cxd3 24. Bxh6 Bxb2 25. Qd2 a3 26. Bg5 f6 27. Bh4 Qe7 28. e5 dxe5 29. Qxd3 a2 30. Qxg6+ Qg7 31. Qh5 Bxg4 32. Bxf6 Bxh5 33. Bxg7 Kxg7 0-1


[Site "https://www.chess.com"]

[Event "Titled Tuesday Blitz August 31 2021"]
[White "Perez Gormaz, Matias"]
[Black "Tymrakiewicz, Rafal"]
[WhiteFideId "3406342"]
[BlackFideId "1108832"]
[WhiteElo "2352"]
[BlackElo "2172"]
[Result "1-0"]
[Round "06"]
[TimeControl "180+1"]
[Date "2021.08.31"]
[WhiteClock "0:00:13"]
[BlackClock "0:00:05"]

1. e4 Nf6 2. e5 Nd5 3. d4 d6 4. Nf3 g6 5. Bc4 Nb6 6. Bb3 d5 7. a4 a5 8. O-O Bg7 9. Be3 Nc6 10. Nbd2 O-O 11. c3 f6 12. exf6 exf6 13. Re1 Be6 14. Bh6 Bf7 15. Bxg7 Kxg7 16. Nf1 Qd6 17. Qd2 Rfe8 18. Ng3 Rad8 19. h4 Rxe1+ 20. Rxe1 Re8 21. Rxe8 Bxe8 22. h5 Ne7 23. h6+ Kf8 24. Nh2 Bd7 25. Qe3 Qe6 26. Qf4 Qd6 27. Qf3 Ke8 28. Bc2 Bxa4 29. Ng4 f5 30. Bxa4+ Nxa4 31. Ne5 Nxb2 32. Nh5 Nc4 33. Ng7+ Kf8 34. Ng4 a4 35. Nh2 a3 36. Qe2 Kf7 37. Nf3 a2 38. Ng5+ Kf6 39. Nxh7+ Kf7 40. Qxa2 1-0


[Site "https://www.chess.com"]

[Event "Titled Tuesday Blitz August 31 2021"]
[White "Pichot, Alan"]
[Black "FGHSMN"]
[WhiteFideId "110973"]
[WhiteElo "2622"]
[BlackElo "2674"]
[Result "1/2-1/2"]
[Round "06"]
[TimeControl "180+1"]
[Date "2021.08.31"]
[WhiteClock "0:00:07"]
[BlackClock "0:00:11"]

1. d4 Nf6 2. Nf3 e6 3. c4 c5 4. d5 exd5 5. cxd5 d6 6. Nc3 g6 7. Nd2 Nbd7 8. Nc4 Nb6 9. Nxb6 Qxb6 10. e4 Bg7 11. Be2 O-O 12. O-O Re8 13. Qc2 a6 14. Bf4 Qc7 15. a4 Nd7 16. Rfe1 Rb8 17. Bf1 c4 18. a5 b5 19. axb6 Qxb6 20. Ra2 Ne5 21. Be3 Qb4 22. h3 f5 23. Bd2 Qb7 24. Qa4 Bd7 25. Qa3 fxe4 26. Rxe4 Bf5 27. Re3 Nd3 28. Qxd6 Rxe3 29. Bxe3 Nxb2 30. Rxa6 Bxc3 31. Rb6 Qxb6 32. Bxb6 Re8 33. Be3 Bg7 34. Qc6 Rc8 35. Qb7 c3 36. d6 c2 37. d7 Rd8 38. Bb5 Nd1 39. Qc7 Bf6 40. Bc1 Nc3 41. Qc4+ Kg7 42. Bc6 Bxd7 43. Bxd7 Rxd7 44. Kh2 Rd1 45. Qc7+ Kg8 46. Be3 c1=Q 47. Bxc1 Rxc1 48. Qc8+ Kg7 49. Qd7+ Kg8 50. Qd2 Ra1 51. Qd3 Ra7 52. Qc4+ Rf7 53. f4 Kg7 54. Qe6 Nb5 55. Qc6 Nd4 56. Qd5 Nf5 57. g4 Ne3 58. Qe6 Re7 59. Qc6 g5 60. fxg5 Bxg5 61. Qc5 Bf6 62. g5 Be5+ 63. Kg1 Nf5 64. Qc6 Bd4+ 65. Kg2 Be3 66. Qf6+ Kg8 67. Qxf5 Bxg5 68. Qc8+ Kg7 69. Kf3 Bf6 70. h4 Re5 71. Kg4 Re4+ 72. Kf3 Rxh4 73. Qd7+ Kg6 74. Qe8+ Kh6 75. Qf8+ Kg6 76. Qg8+ Kh6 77. Kg3 Rh5 78. Qf7 Rg5+ 79. Kf4 Rg6 80. Kf5 Bg7 81. Qc4 Rf6+ 82. Kg4 Kg6 83. Qd3+ Kf7 84. Qd7+ Kg6 85. Qd3+ Kf7 86. Qxh7 Rg6+ 87. Kf5 Rf6+ 88. Kg5 Re6 89. Qf5+ Rf6 90. Qd7+ Kf8 91. Qd8+ Kf7 92. Qd5+ Kf8 93. Qc4 Rh6 94. Qf4+ Rf6 95. Qb8+ Kf7 96. Qd8 Rg6+ 97. Kf5 Rf6+ 98. Ke4 Re6+ 99. Kd5 Rf6 100. Qd7+ Kg6 101. Qg4+ Kf7 102. Qh5+ Kf8 103. Ke4 Kg8 104. Qg5 Kf8 105. Qxf6+ Bxf6 1/2-1/2


[Site "https://www.chess.com"]

[Event "Titled Tuesday Blitz August 31 2021"]
[White "Piesik, Piotr"]
[Black "Terry, Renato"]
[WhiteFideId "1136194"]
[BlackFideId "3803457"]
[WhiteElo "2395"]
[BlackElo "2581"]
[Result "0-1"]
[Round "06"]
[TimeControl "180+1"]
[Date "2021.08.31"]
[WhiteClock "0:00:50"]
[BlackClock "0:00:32"]

1. Nf3 Nf6 2. g3 d5 3. Bg2 c6 4. O-O Bg4 5. d3 Nbd7 6. Nbd2 e5 7. e4 dxe4 8. dxe4 Be7 9. h3 Bh5 10. Qe1 O-O 11. Nh4 Re8 12. Nf5 Bf8 13. Nb3 Qc7 14. g4 Bg6 15. Ng3 Nc5 16. Nxc5 Bxc5 17. Qe2 Nd7 18. h4 h6 19. h5 Bh7 20. g5 hxg5 21. Bxg5 Nf8 22. Qg4 Ne6 23. Bf6 Kh8 24. Bh4 f6 25. Rfd1 Qf7 26. Bf1 b5 27. a4 a6 28. axb5 axb5 29. Rxa8 Rxa8 30. Bh3 Re8 31. c3 Bf8 32. Nf5 Nf4 33. Nd6 Bxd6 34. Rxd6 Nxh3+ 35. Qxh3 Qxh5 36. Qd7 Bxe4 37. Rxf6 Rg8 38. Kf1 Qxh4 0-1


[Site "https://www.chess.com"]

[Event "Titled Tuesday Blitz August 31 2021"]
[White "Ponikarovsky, Alexey"]
[Black "Nenezic, Marko"]
[WhiteFideId "4122887"]
[BlackFideId "912123"]
[WhiteElo "1944"]
[BlackElo "2438"]
[Result "1-0"]
[Round "06"]
[TimeControl "180+1"]
[Date "2021.08.31"]
[WhiteClock "0:01:05"]
[BlackClock "0:00:20"]

1. e4 c5 2. d4 cxd4 3. Nf3 d6 4. Bc4 Nf6 5. Qe2 e6 6. O-O Be7 7. Rd1 a6 8. c3 O-O 9. cxd4 Nxe4 10. Qxe4 d5 11. Qe2 dxc4 12. Qxc4 b5 13. Qe2 Bb7 14. Nc3 b4 15. Ne4 Nd7 16. Bf4 Nf6 17. Nc5 Bd5 18. Ne5 Ra7 19. b3 Qa8 20. f3 Rd8 21. Rac1 a5 22. Kh1 Ne8 23. Nc4 Qc6 24. Ne5 Qb6 25. Nc4 Qb5 26. Qe3 h6 27. Qf2 Nd6 28. Qg3 Nf5 29. Qf2 Nxd4 30. Qxd4 Bxc5 31. Qd2 Be7 32. Qf2 Raa8 33. Nb6 Ra6 34. Bc7 Re8 35. Rd2 a4 36. bxa4 Rxa4 37. Nxa4 Qxa4 38. Be5 Bg5 39. f4 Be7 40. Rc7 Bf8 41. h3 Qa3 42. Kh2 f6 43. Bd4 Bd6 44. Rd7 Qa6 45. Bxf6 Bf8 46. Bxg7 1-0


[Site "https://www.chess.com"]

[Event "Titled Tuesday Blitz August 31 2021"]
[White "Poormosavi, Seyed Kian"]
[Black "Seo, Jung Min"]
[WhiteFideId "12585807"]
[BlackFideId "1734687"]
[WhiteElo "2134"]
[BlackElo "2486"]
[Result "1-0"]
[Round "06"]
[TimeControl "180+1"]
[Date "2021.08.31"]
[WhiteClock "0:00:54"]
[BlackClock "0:00:19"]

1. e4 e6 2. Nf3 d5 3. Nc3 dxe4 4. Nxe4 Bd7 5. d4 Bc6 6. Bd3 Nd7 7. O-O Ngf6 8. Ng3 Bd6 9. Qe2 Bxf3 10. Qxf3 c6 11. c3 O-O 12. Bg5 Qc7 13. Nh5 Nxh5 14. Qxh5 g6 15. Qh3 e5 16. dxe5 Nxe5 17. Bc2 Rfe8 18. f4 Nc4 19. f5 Bc5+ 20. Kh1 Bf8 21. fxg6 hxg6 22. Rf4 Re3 23. Qh4 Nd6 24. Bf6 Bg7 25. Bxg7 Kxg7 26. Qf6+ Kg8 27. Rh4 1-0


[Site "https://www.chess.com"]

[Event "Titled Tuesday Blitz August 31 2021"]
[White "Pridorozhni, Aleksei"]
[Black "Andreikin, Dmitry"]
[WhiteFideId "4127870"]
[BlackFideId "4158814"]
[WhiteElo "2565"]
[BlackElo "2782"]
[Result "1/2-1/2"]
[Round "06"]
[TimeControl "180+1"]
[Date "2021.08.31"]
[WhiteClock "0:00:05"]
[BlackClock "0:00:01"]

1. e4 e6 2. d4 d5 3. Nc3 dxe4 4. Nxe4 Nd7 5. Nf3 Ngf6 6. Bd3 c5 7. Nxc5 Nxc5 8. dxc5 Bxc5 9. O-O O-O 10. Bg5 b6 11. Qe2 Bb7 12. Rad1 Qc7 13. Bxf6 gxf6 14. Be4 Rfd8 15. Bxb7 Qxb7 16. Rxd8+ Rxd8 17. Rd1 Rxd1+ 18. Qxd1 Qe4 19. b3 Kg7 20. a4 h5 21. Kf1 f5 22. h3 a5 23. Qe2 Kf6 24. Qd2 Ke7 25. Qg5+ Kd7 26. Qd2+ Ke8 27. Qe2 Ke7 28. Qd2 f4 29. Ne1 f5 30. Qe2 Qxe2+ 31. Kxe2 e5 32. Nd3 Kd6 33. c3 Kd5 34. Nxc5 bxc5 35. f3 h4 36. Kd2 e4 37. Ke2 Ke5 38. Kd2 Ke6 39. Ke2 Kd5 40. Kd2 e3+ 41. Kc2 Ke5 42. Kd1 Kd6 43. Kc2 Kc6 44. c4 Kd6 45. Kc3 Ke6 46. Kc2 Ke5 47. Kd3 Kd6 48. Kc2 Ke7 49. Kc3 Kf6 50. Kc2 Ke5 51. Kd3 Ke6 52. Kc2 Kd6 53. Kc3 Ke6 54. Kc2 1/2-1/2


[Site "https://www.chess.com"]

[Event "Titled Tuesday Blitz August 31 2021"]
[White "Priyanka Nutakki"]
[Black "Ozen, Bahadir"]
[WhiteFideId "25049615"]
[BlackFideId "6337058"]
[WhiteElo "1916"]
[BlackElo "2503"]
[Result "0-1"]
[Round "06"]
[TimeControl "180+1"]
[Date "2021.08.31"]
[WhiteClock "0:00:10"]
[BlackClock "0:00:13"]

1. d4 b6 2. e4 Bb7 3. Nd2 d6 4. Ngf3 Nd7 5. Bd3 g6 6. c3 Bg7 7. Qe2 a6 8. a4 e6 9. h4 h6 10. O-O Ne7 11. Nh2 c5 12. Nc4 Qc7 13. Bf4 e5 14. dxe5 Nxe5 15. Rad1 O-O 16. Bc2 Rad8 17. Nf3 N7c6 18. Ne3 Nxf3+ 19. Qxf3 Ne5 20. Qg3 Qe7 21. h5 Qf6 22. Nd5 Bxd5 23. Rxd5 g5 24. Bc1 b5 25. f4 gxf4 26. Bxf4 Qe6 27. axb5 axb5 28. Bb3 c4 29. Bc2 Kh8 30. Rxb5 Rg8 31. Qh4 Rb8 32. Rxb8 Rxb8 33. Ba4 Rxb2 34. Qd8+ Kh7 35. Bxe5 Qxe5 36. Rxf7 Qc5+ 37. Kf1 Rb1+ 38. Ke2 Rb2+ 39. Kf1 Qxh5 40. Rxg7+ Kxg7 41. Qe7+ Qf7+ 42. Qxf7+ Kxf7 43. Bc6 Kf6 44. Bd5 Ke5 45. Bxc4 Kxe4 46. Kg1 d5 47. Ba6 Rc2 48. c4 dxc4 49. Bb7+ Ke3 0-1


[Site "https://www.chess.com"]

[Event "Titled Tuesday Blitz August 31 2021"]
[White "Prydun, Andriy"]
[Black "Dzagnidze, Nana"]
[WhiteFideId "14145898"]
[BlackFideId "13601903"]
[WhiteElo "2047"]
[BlackElo "2391"]
[Result "0-1"]
[Round "06"]
[TimeControl "180+1"]
[Date "2021.08.31"]
[WhiteClock "0:00:04"]
[BlackClock "0:00:04"]

1. d4 d5 2. Nc3 Bf5 3. Bf4 e6 4. e3 Bd6 5. g4 Bg6 6. h4 h5 7. g5 Bxf4 8. exf4 Ne7 9. Nf3 Nd7 10. Bd3 c5 11. dxc5 O-O 12. b4 a5 13. a3 b6 14. Bxg6 fxg6 15. Nd4 Qe8 16. c6 Nxc6 17. Nxc6 Rxf4 18. b5 Nc5 19. Qd2 Qf7 20. Ne5 Qf5 21. Nxg6 Re4+ 22. Nxe4 Qxe4+ 23. Qe3 Qxh1+ 24. Ke2 Qxa1 25. Qf4 Qb2 26. Ne7+ Kh8 27. Qf3 Qxc2+ 28. Kf1 Qh7 29. g6 Qh6 30. Qf7 Ne4 31. Nc6 Nf6 32. Ne5 Re8 33. Qd7 Qf4 34. Nf7+ Kg8 35. Ng5 Qxh4 36. Qf7+ Kh8 37. Nh7 Qh1+ 38. Ke2 Qe4+ 39. Kf1 Rc8 40. Nxf6 Rc1# 0-1


[Site "https://www.chess.com"]

[Event "Titled Tuesday Blitz August 31 2021"]
[White "Przybylski, Wojciech"]
[Black "Dronavalli, Harika"]
[WhiteFideId "1117599"]
[BlackFideId "5015197"]
[WhiteElo "2250"]
[BlackElo "2422"]
[Result "1/2-1/2"]
[Round "06"]
[TimeControl "180+1"]
[Date "2021.08.31"]
[WhiteClock "0:00:29"]
[BlackClock "0:00:42"]

1. e4 c5 2. Nf3 d6 3. Bb5+ Bd7 4. c4 Nf6 5. Nc3 g6 6. O-O Bg7 7. Re1 a6 8. Bxd7+ Nbxd7 9. h3 O-O 10. d3 Ne5 11. Bf4 Nc6 12. Qd2 e5 13. Bh6 Qd7 14. a3 Rab8 15. Nd5 Nxd5 16. cxd5 Nd4 17. Nxd4 cxd4 18. Bxg7 Kxg7 19. f4 f6 20. Rac1 Rbc8 21. Kh2 h5 22. Rf1 Rxc1 23. Rxc1 Rc8 24. fxe5 fxe5 25. Rxc8 Qxc8 26. Qg5 Qd7 27. Kg1 Qc7 28. Kh2 Qf7 29. a4 Qf6 30. h4 Qxg5 31. hxg5 a5 32. Kg3 Kf7 33. Kf3 Ke7 34. Ke2 Kd7 35. Kd2 Kc7 36. Kc2 Kb6 37. Kb3 Kc5 38. Ka3 h4 39. Kb3 b6 40. Ka3 b5 41. Kb3 b4 42. Kc2 Kb6 43. b3 Kc7 44. Kd2 Kd7 45. Ke2 Ke7 46. Kf3 Kf7 47. Kg4 Kg7 48. Kxh4 Kf7 49. Kg4 Kg7 50. g3 Kf7 51. Kh4 Kg7 52. Kg4 Kf7 53. Kh4 Kg7 54. Kg4 1/2-1/2


[Site "https://www.chess.com"]

[Event "Titled Tuesday Blitz August 31 2021"]
[White "Pulpan, Jakub"]
[Black "Jobava, Baadur"]
[WhiteFideId "302759"]
[BlackFideId "13601520"]
[WhiteElo "2443"]
[BlackElo "2748"]
[Result "0-1"]
[Round "06"]
[TimeControl "180+1"]
[Date "2021.08.31"]
[WhiteClock "0:00:54"]
[BlackClock "0:01:49"]

1. Nc3 c6 2. e4 d5 3. d4 dxe4 4. Nxe4 Bf5 5. Ng3 Bg6 6. Nh3 e6 7. Bc4 Nf6 8. Nf4 Bd6 9. c3 Nbd7 10. h4 Nb6 11. Bb3 Qc7 12. Qf3 Nbd5 13. Nxd5 exd5 14. h5 Be4 15. Nxe4 Nxe4 16. h6 g6 17. Be3 O-O-O 18. O-O-O f5 19. Kb1 Rhe8 20. c4 dxc4 21. Bxc4 Kb8 22. d5 c5 23. Bb5 Re7 24. g4 Qb6 25. Bd3 fxg4 26. Qxe4 Rxe4 27. Bxe4 g3 28. fxg3 Re8 29. Bxg6 Rxe3 30. Bxh7 Be5 31. Rh2 Rxg3 32. Be4 Rh3 0-1


[Site "https://www.chess.com"]

[Event "Titled Tuesday Blitz August 31 2021"]
[White "Quintiliano Pinto, Renato R."]
[Black "Kovalev, Vladislav"]
[WhiteFideId "2117568"]
[BlackFideId "13504398"]
[WhiteElo "2439"]
[BlackElo "2573"]
[Result "1/2-1/2"]
[Round "06"]
[TimeControl "180+1"]
[Date "2021.08.31"]
[WhiteClock "0:00:19"]
[BlackClock "0:00:13"]

1. d4 Nf6 2. c4 g6 3. Nc3 Bg7 4. e4 d6 5. Nf3 O-O 6. Be2 e5 7. O-O c6 8. dxe5 dxe5 9. Nxe5 Nxe4 10. Nxe4 Bxe5 11. Bg5 Qxd1 12. Rfxd1 Kg7 13. Nd6 Na6 14. Be7 Rg8 15. Rab1 Nc7 16. c5 Nd5 17. Bh4 Rb8 18. Nxc8 Rbxc8 19. Bc4 Bf6 20. Bg3 Rcd8 21. Bd6 Ne7 22. g4 Nc8 23. Bc7 Rxd1+ 24. Rxd1 Re8 25. Rd7 Re7 26. Rxe7 Nxe7 27. b3 Bd4 28. Bd6 Nc8 29. Kg2 Kf6 30. g5+ Kxg5 31. Bxf7 Kf6 32. Bg8 h6 33. Bf8 h5 34. Bc4 Ne7 35. Bxe7+ Kxe7 36. Kf3 Bxc5 37. h3 Kf6 38. a4 a5 39. Kg3 g5 40. Kf3 Bd6 41. Kg2 h4 42. Kf3 Ke5 43. Kg4 Bc5 44. Kxg5 Bxf2 45. Kg4 Kd4 46. Kf3 Kc5 47. Kxf2 b5 48. axb5 cxb5 49. Bf7 a4 50. bxa4 bxa4 51. Kf3 Kd6 52. Kg4 Ke7 53. Ba2 Kf6 54. Kxh4 Kg7 55. Kg5 a3 56. h4 Kh8 57. h5 Kg7 58. h6+ Kh8 59. Kg6 1/2-1/2


[Site "https://www.chess.com"]

[Event "Titled Tuesday Blitz August 31 2021"]
[White "Rakhmanov, Aleksandr"]
[Black "Tsaruk, Maksim"]
[WhiteFideId "4173708"]
[BlackFideId "13511173"]
[WhiteElo "2498"]
[BlackElo "2184"]
[Result "1-0"]
[Round "06"]
[TimeControl "180+1"]
[Date "2021.08.31"]
[WhiteClock "0:00:27"]
[BlackClock "0:00:02"]

1. c4 Nf6 2. Nc3 e6 3. e4 d5 4. exd5 exd5 5. d4 dxc4 6. Bxc4 Bd6 7. Nge2 O-O 8. O-O Nc6 9. f3 h6 10. a3 a6 11. Ba2 Bf5 12. Be3 Qd7 13. Ng3 Bxg3 14. hxg3 Rad8 15. d5 Ne5 16. Bd4 Rfe8 17. g4 Bg6 18. Re1 Qd6 19. Qd2 Nxf3+ 20. gxf3 Qg3+ 21. Kh1 Nxg4 22. Rxe8+ Rxe8 23. fxg4 Qxg4 24. Bg1 Re4 25. Bh2 Rd4 26. Qg2 Qh4 27. d6 cxd6 28. Qxg6 Rd2 29. Qxf7+ Kh7 30. Bb1+ 1-0


[Site "https://www.chess.com"]

[Event "Titled Tuesday Blitz August 31 2021"]
[White "Sargsyan, Anna M."]
[Black "Karas, Marek"]
[WhiteFideId "13308130"]
[BlackFideId "14928558"]
[WhiteElo "2263"]
[BlackElo "2264"]
[Result "1-0"]
[Round "06"]
[TimeControl "180+1"]
[Date "2021.08.31"]
[WhiteClock "0:02:00"]
[BlackClock "0:00:09"]

1. d4 Nf6 2. c4 g6 3. g3 Bg7 4. Bg2 O-O 5. Nc3 c6 6. Nf3 d5 7. cxd5 cxd5 8. Ne5 e6 9. O-O Nfd7 10. Nxd7 Bxd7 11. Bf4 Nc6 12. e3 a6 13. Rc1 Qe7 14. Na4 g5 15. Bc7 Rac8 16. Bb6 Rfe8 17. Nc5 Rb8 18. g4 Rec8 19. a3 Be8 20. Qd2 h6 21. Rc2 Kh7 22. Rfc1 f6 23. e4 dxe4 24. Bxe4+ Bg6 25. Qd3 Bxe4 26. Qxe4+ Kg8 27. Qxe6+ Qxe6 28. Nxe6 Re8 29. d5 Ne5 30. Rc7 Bf8 31. Bc5 Bxc5 32. R1xc5 Kh8 33. h3 b6 34. Rc3 a5 35. Kg2 Ng6 36. Rf7 Nh4+ 37. Kg3 b5 38. Rcc7 1-0


[Site "https://www.chess.com"]

[Event "Titled Tuesday Blitz August 31 2021"]
[White "Schmakel, Sam"]
[Black "Bacrot, Etienne"]
[WhiteFideId "2039311"]
[BlackFideId "605506"]
[WhiteElo "2356"]
[BlackElo "2673"]
[Result "1-0"]
[Round "06"]
[TimeControl "180+1"]
[Date "2021.08.31"]
[WhiteClock "0:00:06"]
[BlackClock "0:00:19"]

1. d4 d5 2. c4 e6 3. Nc3 Nf6 4. Nf3 Be7 5. Bf4 O-O 6. Rc1 dxc4 7. e3 c5 8. Bxc4 cxd4 9. exd4 Nbd7 10. O-O Nb6 11. Bd3 Bd7 12. Ne5 Rc8 13. Bb1 Bc6 14. Qd3 g6 15. Bh6 Re8 16. Rfe1 Nbd5 17. Qh3 Nxc3 18. bxc3 Ba3 19. Bg5 Be7 20. Bxf6 Bxf6 21. Nxf7 Kxf7 22. Qxh7+ Kf8 23. Bxg6 Re7 24. Qh6+ Bg7 25. Qh3 Qd5 26. Rcd1 Be8 27. Be4 Qh5 28. Qg3 Bf6 29. Rd3 Rg7 30. Qf4 Qg5 31. Qd6+ Be7 32. Qxe6 Rd8 33. Rg3 Qf6 34. Rf3 Qxf3 35. Bxf3 Rd6 36. Qe5 Rf6 37. Kh1 Rxf3 38. gxf3 Bc6 39. Re4 Kg8 40. d5 Bd7 41. d6 Bf8 42. Qd5+ Kh7 43. Rh4+ Kg6 44. Qh5+ Kf6 45. Rf4+ Ke6 46. Rxf8 Bc6 47. Qh3+ Kxd6 48. Rf6+ Kc5 49. Rxc6+ bxc6 50. Qf5+ Kc4 51. Qf4+ Kb5 52. Qe5+ 1-0


[Site "https://www.chess.com"]

[Event "Titled Tuesday Blitz August 31 2021"]
[White "Shimelkov, Vasiliy"]
[Black "Shtyka, Sergey"]
[WhiteFideId "13701630"]
[BlackFideId "4138465"]
[WhiteElo "2073"]
[BlackElo "2064"]
[Result "1-0"]
[Round "06"]
[TimeControl "180+1"]
[Date "2021.08.31"]
[WhiteClock "0:00:10"]
[BlackClock "0:00:05"]

1. d4 c5 2. d5 e5 3. c4 d6 4. Nc3 Be7 5. e4 Bg5 6. Bd3 Bxc1 7. Qxc1 Nf6 8. Nge2 O-O 9. O-O Nbd7 10. a3 b6 11. b4 Ne8 12. Nd1 g6 13. Ne3 Ng7 14. f4 exf4 15. Nxf4 Ne5 16. Be2 Bd7 17. Nd3 Qe7 18. Qc3 Rfe8 19. bxc5 bxc5 20. Rab1 Nxd3 21. Bxd3 Qe5 22. Qxe5 Rxe5 23. Rb7 Be8 24. Ng4 Rg5 25. Nh6+ Kh8 26. Rbxf7 Nf5 27. exf5 Rh5 28. fxg6 hxg6 29. Rf8+ Kg7 30. Ng4 Rc8 31. h3 a5 32. R8f2 Rg5 33. Nf6 Ba4 34. Ne4 Re5 35. Rf7+ Kh6 36. Nxd6 Rb8 37. R7f6 Kg7 38. Rxg6+ Kh8 39. Nf7+ Kh7 40. Nxe5 Be8 41. Re6+ Kg7 42. Re7+ Kg8 43. Bg6 Bxg6 44. Nxg6 a4 45. d6 Rb1 46. Re8+ Kg7 47. Rxb1 Kf6 48. d7 Kf5 49. d8=Q Kxg6 50. Rg8+ Kf7 51. Rb7+ Ke6 52. Qe7+ Kf5 53. Rg5+ Kf4 54. Qe5# 1-0


[Site "https://www.chess.com"]

[Event "Titled Tuesday Blitz August 31 2021"]
[White "Shishkov, Andrei"]
[Black "Skatchkov, Valery"]
[WhiteFideId "4500563"]
[BlackFideId "24195812"]
[WhiteElo "2322"]
[BlackElo "2199"]
[Result "1-0"]
[Round "06"]
[TimeControl "180+1"]
[Date "2021.08.31"]
[WhiteClock "0:01:36"]
[BlackClock "0:01:14"]

1. d4 Nf6 2. c4 e6 3. Nc3 Bb4 4. Qc2 O-O 5. e4 d5 6. e5 Ne4 7. Bd3 c5 8. Nf3 cxd4 9. Nxd4 Nd7 10. Bxe4 dxe4 11. Qxe4 Qa5 12. O-O Qxe5 13. Qh4 Bxc3 14. bxc3 Nb6 15. Ba3 Re8 16. Nb5 Bd7 17. Bd6 Qe2 18. Nc7 Nxc4 19. Rfe1 Qd3 20. Rad1 Qxc3 21. Nxe8 Bxe8 22. Rc1 Qd3 23. Red1 Nd2 24. Bb4 Nf3+ 25. gxf3 Qxf3 26. Qg3 Qe4 27. Bc3 f6 28. Bxf6 Bg6 29. Be5 Rf8 30. Rd7 1-0


[Site "https://www.chess.com"]

[Event "Titled Tuesday Blitz August 31 2021"]
[White "Siniauski, Artsiom"]
[Black "Leitao, Rafael"]
[WhiteFideId "13512269"]
[BlackFideId "2101246"]
[WhiteElo "2210"]
[BlackElo "2609"]
[Result "0-1"]
[Round "06"]
[TimeControl "180+1"]
[Date "2021.08.31"]
[WhiteClock "0:00:03"]
[BlackClock "0:00:20"]

1. e4 c5 2. Nf3 e6 3. c4 Nc6 4. Be2 e5 5. Nc3 d6 6. a3 g6 7. b4 b6 8. b5 Nd4 9. Nxd4 exd4 10. Nd5 Nf6 11. d3 Nxd5 12. exd5 Bg7 13. O-O O-O 14. Bg4 f5 15. Bf3 g5 16. g3 Bd7 17. a4 a5 18. Bg2 f4 19. Qh5 Bf5 20. Be4 Bxe4 21. dxe4 Be5 22. f3 Kh8 23. Kf2 Qf6 24. Ra3 g4 25. Qxg4 fxg3+ 26. hxg3 Rg8 27. Qh5 Bxg3+ 28. Ke2 Bf4 29. Rh1 Ra7 30. Bxf4 Qxf4 31. Qh2 Qf6 32. Rg1 Rxg1 33. Qxg1 Rg7 34. Qh2 Qg5 35. f4 Qg6 36. Kf3 Qg4+ 37. Kf2 Qd1 38. Ra2 Qb3 39. Re2 d3 40. Re3 Qc2+ 0-1


[Site "https://www.chess.com"]

[Event "Titled Tuesday Blitz August 31 2021"]
[White "Siva Mahadevan"]
[Black "Al-Tarboush, Ward"]
[WhiteFideId "25043153"]
[BlackFideId "7601450"]
[WhiteElo "2203"]
[BlackElo "2319"]
[Result "1-0"]
[Round "06"]
[TimeControl "180+1"]
[Date "2021.08.31"]
[WhiteClock "0:01:56"]
[BlackClock "0:00:01"]

1. e4 b6 2. d4 Bb7 3. Nc3 e6 4. Bd3 Bb4 5. Ne2 d5 6. O-O dxe4 7. Nxe4 Nf6 8. Nxf6+ gxf6 9. c3 Bd6 10. Ng3 h5 11. Re1 Bxg3 12. fxg3 Nd7 13. Bf4 h4 14. Qe2 h3 15. gxh3 Rxh3 16. Qg4 Rh8 17. Qg7 Ke7 18. Rxe6+ Kxe6 19. Bc4+ Bd5 20. Re1+ Ne5 21. Bxe5 Bxc4 22. Bxf6+ Kd7 23. Bxd8 Raxd8 24. b3 Be6 25. c4 c6 26. Qf6 Kc7 27. Qg7 Rhg8 28. Qe5+ Kb7 29. Rd1 Rd7 30. d5 cxd5 31. cxd5 Rgd8 32. d6 Rc8 33. h4 Rc5 34. Qe4+ Kb8 35. Qf3 Re5 36. h5 Rf5 37. Qe2 Rg5 38. Kh2 Rf5 39. h6 Rf6 40. Qh5 Rg6 41. h7 1-0


[Site "https://www.chess.com"]

[Event "Titled Tuesday Blitz August 31 2021"]
[White "Sjugirov, Sanan"]
[Black "Zhigalko, Sergei"]
[WhiteFideId "4189302"]
[BlackFideId "13502956"]
[WhiteElo "2472"]
[BlackElo "2662"]
[Result "0-1"]
[Round "06"]
[TimeControl "180+1"]
[Date "2021.08.31"]
[WhiteClock "0:00:01"]
[BlackClock "0:00:08"]

1. d4 Nf6 2. Bg5 e6 3. e4 h6 4. Bxf6 Qxf6 5. c3 d6 6. Bd3 g6 7. Ne2 Bg7 8. O-O Qe7 9. f4 O-O 10. Nd2 Nd7 11. Nf3 b6 12. Qd2 Bb7 13. f5 e5 14. Rae1 Rae8 15. Ng3 Kh7 16. h4 Nf6 17. Bb5 c6 18. Ba4 b5 19. Bc2 c5 20. d5 c4 21. Nh2 Bc8 22. Bd1 a6 23. Kh1 Rg8 24. a4 Ref8 25. axb5 axb5 26. Bf3 Bh8 27. fxg6+ fxg6 28. Ra1 Bg7 29. Qe3 h5 30. Ra7 Bd7 31. Rfa1 Bh6 32. Qe1 Rf7 33. Ne2 Rgf8 34. Ng1 Qd8 35. Bd1 Ng4 36. Bxg4 hxg4 37. Ne2 Be3 38. Rb7 Bf2 39. Qd2 Qxh4 40. g3 Qh5 0-1


[Site "https://www.chess.com"]

[Event "Titled Tuesday Blitz August 31 2021"]
[White "Skliarov, Viktor"]
[Black "Najdin, Danil"]
[WhiteFideId "14106736"]
[BlackFideId "4172426"]
[WhiteElo "2281"]
[BlackElo "2193"]
[Result "1-0"]
[Round "06"]
[TimeControl "180+1"]
[Date "2021.08.31"]
[WhiteClock "0:00:06"]
[BlackClock "0:00:01"]

1. e4 e5 2. Nc3 Nf6 3. Bc4 Nxe4 4. Qh5 Nd6 5. Bb3 Nc6 6. Nb5 g6 7. Qf3 Qe7 8. Nxc7+ Kd8 9. Nxa8 b6 10. d3 Bb7 11. h4 Nd4 12. Qh3 Bxa8 13. Be3 N6f5 14. O-O-O Nxb3+ 15. axb3 Bg7 16. Ne2 Kc7 17. Ng3 Nxe3 18. fxe3 f5 19. e4 f4 20. Ne2 Rc8 21. h5 g5 22. h6 Bf8 23. Qf5 Kb8 24. Nc3 Bc6 25. Rh5 b5 26. Qxg5 Qxg5 27. Rxg5 Bxh6 28. Rh5 Bf8 29. Rxe5 b4 30. Nd5 Bc5 31. Ne7 Be3+ 32. Kb1 d6 33. Nxc6+ Rxc6 34. Re8+ Kb7 35. Re7+ Kb6 36. Rxh7 Rc5 37. Rg7 Rh5 38. Rf1 Rh2 39. Rg4 a5 40. c3 Kc6 41. Kc2 Rh5 42. Kd1 Rh3 43. Ke2 Rh2 44. Kf3 Rh5 45. Rxf4 Bxf4 46. Kxf4 bxc3 47. bxc3 Rb5 48. Rb1 Rc5 49. c4 Rh5 50. g4 Rh2 51. g5 Kc5 52. Rg1 Kd4 53. g6 Rf2+ 54. Kg5 Rf8 55. g7 Rb8 56. Rg3 Kc3 57. Kf6 Kxb3 58. Kf7 a4 59. g8=Q Rxg8 60. Kxg8 a3 61. d4+ Kxc4 62. Rxa3 Kxd4 63. Ra6 1-0


[Site "https://www.chess.com"]